 Dungeon Crawl Stone Soup version 0.31.0-32-g396128a36d (webtiles) character file.

Game seed: 5895601491096178951

2276 mainiacjoe the Toxicologist (level 9, -6/50 (51) HPs)
             Began as an Octopode Alchemist on Mar 29, 2024.
             Was an Initiate of Kikubaaqudgha.
             Succumbed to a kobold brigand's curare-tipped dart
             ... on level 7 of the Dungeon.
             The game lasted 00:28:06 (9340 turns).

mainiacjoe the Toxicologist (Octopode Alchemist)    Turns: 9340, Time: 00:28:09

HP:   -6/50 (51)    AC:  1    Str:  7    XL:     9   Next: 39%
MP:   7/15          EV: 13    Int: 21    God:    Kikubaaqudgha [......]
Gold: 201           SH:  0    Dex: 13    Spells: 2/16 levels left

rFire   . . .        a - +1 dagger (protect)
rCold   . . .        (no shield)
rNeg    . . .        (helmet restricted)
rPois   .            (no amulet)
rElec   .            (no ring)
rCorr   .            (no ring)
SInv    .            (no ring)
Will    .....        (no ring)
Stlth   ++++         (no ring)
HPRegen 0.28/turn    (no ring)
MPRegen 0.14/turn    (no ring)
                     (no ring)

%: no passive effects
@: lethally poisoned (-6 -> -27), slowed, lightly drained, very slow
A: almost no armour, amphibious, 8 rings, camouflage 1, gelatinous body 1,
(nimble swimmer 1), tentacles
a: Renounce Religion


You were on level 7 of the Dungeon.
You worshipped Kikubaaqudgha.
Kikubaaqudgha was noncommittal.
You visited 2 branches of the dungeon, and saw 9 of its levels.
You also visited: Sewer.

You collected 321 gold pieces.
You spent 120 gold pieces at shops.

Inventory:

Hand Weapons
 a - a +1 dagger of protection (weapon)
 b - a +0 sling
 t - a +1 dagger of draining
 w - a +0 hand axe
 y - a +1 halberd of protection
 z - a +4 spear
 A - a +0 short sword of flaming
Missiles
 c - 65 stones
 d - 18 poisoned darts
 v - a throwing net {=F}
Wands
 n - a wand of mindburst (10)
 p - a wand of digging (3)
 q - a wand of roots (13)
Scrolls
 f - a scroll of summoning
 h - 2 scrolls of teleportation
 i - 4 scrolls of fog
 k - 3 scrolls of fear
 o - 2 scrolls of enchant armour
 B - a scroll of identify
 C - a scroll of torment
Potions
 e - 3 potions of lignification
 g - a potion of resistance
 j - 2 potions of might
 l - 2 potions of mutation
 m - a potion of invisibility
 r - a potion of heal wounds
 s - a potion of brilliance
 u - 2 potions of cancellation
 x - a potion of enlightenment


   Skills:
 + Level 5.7 Short Blades
 - Level 2.0 Dodging
 - Level 6.0 Stealth
 - Level 4.0 Spellcasting
 - Level 2.0 Conjurations
 - Level 2.0 Air Magic
 - Level 3.0 Earth Magic
 + Level 9.5 Alchemy


You had 2 spell levels left.
You knew the following spells:

 Your Spells              Type           Power      Damage    Failure   Level
a - Sting                 Conj/Alch      100%       1d9       1%          1
b - Petrify               Alch/Erth      30%        N/A       9%          4
c - Mephitic Cloud        Conj/Alch/Air  23%        N/A       5%          3
d - Olgreb's Toxic Radia  Alch           44%        N/A       2%          4
e - Mercury Vapours       Alch/Air       56%        N/A       1%          2

Your spell library contained the following spells:

 Spells                   Type           Power      Damage    Failure   Level
 Sublimation of Blood     Necr           4%         N/A       19%         2
 Sticky Flame             Fire/Alch      24%        2d6       17%         4
 Irradiate                Conj/Alch      14%        3d16      30%         5


Dungeon Overview and Level Annotations

Branches:
Dungeon (8/15)             Temple (1/1) D:6           Sewer (visited)
   Lair: D:8-11

Altars:
Ashenzari
Cheibriados
Dithmenos
Elyvilon
Hepliaklqana
Kikubaaqudgha
Qazlal
Ru
Sif Muna
Trog
Uskayaw
Wu Jian
Yredelemnul
The Shining One

Shops:
D:2 ?

Annotations:
D:2 1 runed translucent door, Crazy Yiuf
D:3 exclusion: goblin, Robin
D:4 exclusion: black bear
D:5 Grinder, Sigmund


Innate Abilities, Weirdness & Mutations

You cannot wear most types of armour.
You are amphibious.
You can wear up to eight rings at the same time.
Your skin changes colour to match your surroundings (Stealth+).
Your rubbery body absorbs attacks. (AC +1, EV +1)
((You are camouflaged when in or above water. (Stealth+)))
You have tentacles for arms and can constrict up to eight enemies at once.


Message History

Found 15 gold pieces.
Found a stone staircase leading up.
There is a stone staircase leading up here.
There are monsters nearby!
Casting: Olgreb's Toxic Radiance (dangerous; 2% risk of failure)
Confirm with . or Enter, or press ? or * to list all spells.
Aiming: Petrify (dangerous; 9% risk of failure)
Press: ? - help, Shift-Dir - straight line, f - wight
Aim: a wight, wielding a +0 spear and wearing a +0 robe (chance to affect: 60%)
The wight is moving more slowly. x3
The kobold shouts! x3
A kobold comes into view. It is wielding a +0 dagger.
The wight hits you from afar with a +0 spear.
You feel drained.
Casting: Petrify (dangerous; 9% risk of failure)
Confirm with . or Enter, or press ? or * to list all spells.
Aiming: Petrify (dangerous; 9% risk of failure)
Press: ? - help, Shift-Dir - straight line, f - wight, p - wight
Aim: a wight, wielding a +1 dagger of freezing and wearing a +0 robe (chance to affect: 60%)
The wight resists with significant effort.
The kobold shouts!
You hear a howl!
The kobold throws a stone.
The stone closely misses you.
The wight hits you with a +1 dagger of freezing!
The wight freezes you.
The kobold brigand throws a curare-tipped dart.
The curare-tipped dart hits you.
You are poisoned.
You have difficulty breathing.
You feel yourself slow down.
You feel very sick.
The wight hits you with a +1 dagger of freezing!
The wight freezes you.
* * * LOW HITPOINT WARNING * * *
The kobold brigand throws a curare-tipped dart.
The curare-tipped dart hits you.
You are lethally poisoned!
You have difficulty breathing.
* * * LOW HITPOINT WARNING * * *
You feel as though you will be slow longer.
You climb upwards.
You die...
Kikubaaqudgha rasps: "You have failed me!
Welcome... death!"

....# #....# #....#
#.#.' ....# #....#
#....#####.#.# ....#
#....#
#........#...# ....#
#....###
#.#......##### ....#
####...####.#......#
# ....#
###..##..#......# #
#####
##.#..##......# #
#.z.###......# ##
#@....'......# #.
#######......# #.
#......# #. #......#
#. ####'### #. #.#
#. #%######.
#.......) #########


You could see a wight.

Vanquished Creatures
  An orc warrior (D:6)
  2 ice beasts
  2 ogres
  2 centaurs
  A kobold brigand (D:7)
  2 brain worms (Sewer)
  2 bullfrogs (D:7)
  A scorpion (D:3)
  5 killer bees (D:7)
  6 howler monkeys (D:7)
  2 bombardier beetles
  A hound (D:5)
  2 orc priests (D:6)
  A gnoll bouda (D:6)
  Ijyb (D:5)
  Natasha (thrice) (D:3)
  4 iguanas
  5 orc wizards
  2 sleepcaps
  5 gnolls
  9 adders
  2 river rats (Sewer)
  2 shadow imps
  2 ufetubi (D:7)
  A ribbon worm (D:2)
  3 dart slugs (D:1)
  8 orcs
  A bat (D:3)
  8 endoplasms
  7 giant cockroaches
  A goblin (D:2)
  5 hobgoblins
  6 jackals
  4 quokkas
  6 ball pythons
  6 frilled lizards
  6 kobolds (D:7)
  9 rats
136 creatures vanquished.

Notes
Turn   | Place    | Note
-------+----------+-------------------------------------------
     0 | D:1      | mainiacjoe the Octopode Alchemist began the quest for the
                  | Orb.
     0 | D:1      | Reached XP level 1. HP: 11/11 MP: 3/3
   124 | D:1      | Reached XP level 2. HP: 10/17 MP: 0/5
   178 | D:1      | Learned a level 2 spell: Mercury Vapours
   404 | D:1      | Reached skill level 1 in Air Magic
   404 | D:1      | Reached skill level 4 in Alchemy
   650 | D:1      | Reached XP level 3. HP: 21/21 MP: 4/6
   654 | D:1      | Learned a level 3 spell: Mephitic Cloud
   995 | D:1      | Found a faded altar of an unknown god.
  1747 | D:2      | Found a snail-covered altar of Cheibriados.
  1921 | D:2      | Found Aczurush's Magic Scroll Emporium.
  1924 | D:2      | Bought a scroll of fear for 48 gold pieces
  1939 | D:2      | Reached skill level 5 in Alchemy
  2199 | D:2      | Reached XP level 4. HP: 27/27 MP: 3/7
  2266 | D:2      | Bought a scroll of identify for 24 gold pieces
  2725 | D:2      | Found a runed translucent door.
  2726 | D:2      | Noticed Crazy Yiuf
  2813 | D:2      | Bought a scroll of identify for 24 gold pieces
  2920 | D:3      | Noticed a scorpion
  2927 | D:3      | Killed a scorpion
  2928 | D:3      | Reached skill level 6 in Alchemy
  2928 | D:3      | Reached XP level 5. HP: 31/31 MP: 0/8
  3072 | D:3      | Noticed Robin
  3120 | D:3      | Noticed Natasha
  3128 | D:3      | Killed Natasha
  3202 | D:3      | Noticed Natasha
  3212 | D:3      | Killed Natasha
  3433 | D:2      | Bought a scroll of identify for 24 gold pieces
  3466 | D:3      | Noticed Natasha
  3481 | D:3      | Killed Natasha
  3958 | D:4      | Reached XP level 6. HP: 36/36 MP: 6/9
  4252 | D:4      | Noticed a black bear
  4435 | D:5      | Entered Level 5 of the Dungeon
  4469 | D:5      | Noticed Ijyb
  4475 | D:5      | Reached skill level 7 in Alchemy
  4477 | D:5      | Noticed Grinder
  4480 | D:5      | Paralysed by Grinder for 3 turns
  5013 | D:5      | Killed Ijyb
  5186 | D:5      | Reached skill level 8 in Alchemy
  5186 | D:5      | Reached XP level 7. HP: 41/41 MP: 5/10
  5525 | D:5      | Noticed Sigmund
  6221 | D:6      | Learned a level 4 spell: Olgreb's Toxic Radiance
  6318 | D:6      | Reached skill level 9 in Alchemy
  6332 | D:6      | Reached skill level 1 in Earth Magic
  6353 | D:6      | Reached XP level 8. HP: 3/46 MP: 1/12
  6544 | D:6      | Found a glowing drain.
  6588 | Sewer    | Entered a sewer
  7508 | D:6      | Found a staircase to the Ecumenical Temple.
  7523 | Temple   | Entered the Ecumenical Temple
  7542 | Temple   | Became a worshipper of Kikubaaqudgha
  7593 | D:6      | Reached skill level 1 in Short Blades
  7983 | D:6      | Learned a level 4 spell: Petrify
  8272 | D:7      | Reached skill level 5 in Stealth
  8288 | D:7      | Reached XP level 9. HP: 12/51 MP: 9/15
  8789 | D:7      | Reached skill level 5 in Short Blades
  9340 | D:7      | Succumbed to a kobold brigand's curare-tipped dart

Illustrated notes

Levels and vault maps discovered:
D:1:      spicycebolla_arrival_clurvy, layout_loops_ring,
          dilly_ecumenical_altar_fadedgnrine, minmay_heptomino_l4
D:2:      layout_basic, basic_altar, serial_shops, shop, cheibrodos_gnoll_hut,
          uniq_crazy_yiuf_cottage
D:3:      layout_basic, uniq_natasha, uniq_robin
D:4:      wad_pebble_path, layout_basic
D:5:      layout_loops_corners, uniq_grinder, uniq_ijyb, uniq_sigmund
D:6:      layout_loops_corners, minmay_temple_entry_overgrown,
          portal_sewer_entry_f, serial_rivers, chequers_serial_rivers_small_b,
          chequers_serial_rivers_small_a, chequers_serial_rivers_small_b,
          chequers_serial_rivers_room_a, chequers_serial_rivers_micro_b
D:7:      layout_basic
D:8:      nicolae_cairo_tiling_large, layout_cave_pools,
          mainiacjoe_overflow_brackets, grunt_ministairs_9
Temple:   nicolae_temple_bog_church

Skill      XL: |  1  2  3  4  5  6  7  8  9 |
---------------+----------------------------+-----
Air Magic      | 1 2 |  2.0
Alchemy        | 4 5 6 8 9 |  9.5
Conjurations   | 2 |  2.0
Earth Magic    | 1 3 |  3.0
Spellcasting   | 4 |  4.0
Stealth        | 6 |  6.0
Short Blades   | 4 5 |  5.7
Dodging        | |  2.0

Action                     |  1- 3 |  4- 6 |  7- 9 || total
---------------------------+-------+-------+-------++-------
  Melee: Unarmed           |    12 |       |       ||    12
         Constrict         |     7 |     7 |    21 ||    35
         Tentacles         |     6 |     5 |    23 ||    34
         Short sword       |    14 |    21 |    52 ||    87
         Dagger            |       |       |    24 ||    24
   Fire: Sling             |       |     3 |    29 ||    32
   Cast: Sting             |    43 |    54 |    49 ||   146
         Mercury Vapours   |     6 |     4 |       ||    10
         Mephitic Cloud    |       |     5 |    19 ||    24
         Olgreb's Toxic Ra |       |       |    15 ||    15
         Petrify           |       |       |     5 ||     5
    Use: Scroll            |     3 |     9 |     9 ||    21
         Potion            |       |       |     2 ||     2
   Stab: Confused          |       |     2 |       ||     2
         Sleeping          |       |       |     3 ||     3
         Petrified         |       |       |     3 ||     3
         Petrifying        |       |       |     1 ||     1
 Armour: Skin              |    23 |    18 |    40 ||    81
  Dodge: Dodged            |    27 |    19 |    44 ||    90
